 Dungeon Crawl Stone Soup version 0.24-a0-459-g225fefd (webtiles) character file.

Game seed: 10494176463890514146

53 GandaPestile the Ducker (level 3, 0/27 HPs)
             Began as a Vampire Gladiator on June 29, 2019.
             Slain by an adder (1 damage)
             ... on level 3 of the Dungeon.
             The game lasted 00:04:49 (1020 turns).

GandaPestile the Ducker (Vampire Gladiator)         Turns: 1020, Time: 00:04:49

Health: 0/27       AC:  4    Str: 13    XL:     3   Next: 62%
Magic:  3/3        EV: 13    Int: 10    God:
Gold:   76         SH:  0    Dex: 16    Spells: 2/2 levels left

rFire    . . .     SeeInvis +   a - +0 rapier
rCold    . . .     Gourm    .   (no shield)
rNeg     . . .     Faith    .   b - +0 leather armour
rPois    .         Spirit   .   c - +0 helmet
rElec    .         Reflect  .   (no cloak)
rCorr    .         Harm     .   (no gloves)
MR       .....                  (no boots)
Stlth    ++........             (no amulet)
HPRegen  0.29/turn              f - ring of wizardry
MPRegen  0.08/turn              (no ring)

@: lethally poisoned (0 -> -3), regenerating quickly
A: no food, fangs 3, see invisible, unbreathing
a: Exsanguinate


You were on level 3 of the Dungeon.
You were alive.

You visited 1 branch of the dungeon, and saw 3 of its levels.

You collected 76 gold pieces.

Inventory:

Hand Weapons
 a - a +0 rapier (weapon)
Missiles
 d - 3 throwing nets (quivered)
Armour
 b - a +0 leather armour (worn)
 c - a +0 helmet (worn)
Jewellery
 f - a ring of wizardry (left hand)
Scrolls
 j - a scroll of remove curse {unknown}
 k - 3 scrolls of noise
 l - a scroll of fog {unknown}
Potions
 e - 3 potions of curing
 h - a potion of flight


   Skills:
 + Level 2.2 Fighting
 + Level 3.6 Short Blades
 + Level 1.9 Throwing
 + Level 3.6 Dodging
 * Level 2.9 Stealth


You had 2 spell levels left.
You didn't know any spells.
Your spell library was empty.

Dungeon Overview and Level Annotations

Branches:
Dungeon (3/15)

Altars:


Innate Abilities, Weirdness & Mutations

You do not eat.
Your natural rate of healing is unusually fast.
You have razor-sharp teeth.
You have supernaturally acute eyesight. (SInv)
You can survive without breathing.


Message History

It was a scroll of magic mapping.
You feel sick. The adder bites you but does no damage.
The adder closely misses you.
You hit the adder.
The adder is severely wounded.
You feel sick.
The adder barely misses you. x2; The adder bites you.
* * * LOW HITPOINT WARNING * * *
The adder bites you.
* * * LOW HITPOINT WARNING * * *
You puncture the adder!
You kill the adder!
* * * LOW HITPOINT WARNING * * *
You feel sick. The adder misses you.
* * * LOW HITPOINT WARNING * * *
You feel sick.
* * * LOW HITPOINT WARNING * * *
You feel sick.
You closely miss the adder.
* * * LOW HITPOINT WARNING * * *
You feel sick. The adder bites you.
You die...

**,* *,,** ##.......## ###.#.
**,******,,,***#.........####....
,,,,,,,,,,,,,,,+....^....'.......
,,,******,,,***#.........####....
**,* *,,** *#.....<.## ##.#. ,,,*
*,** #.....<## #... ,,,*
***########.######*****#.## ,≈,*
*,,................,,,*#.# *≈≈*
*,,...####@...#...#*,,**.# ≈≈≈*
*,,,*** #S...#,,.#**,**,* ****
*,,******#....#*,,***,**,* *≈*
*,,*#[...w...##*,,,,,,**,* *≈*
*,**#....#...# **,,,,,**,* *≈*
*,* #..[.#...# ***,,,**,* *≈* *,*
#...*#..## ****,*,,* *≈*
*,**#.##*#..# ****,,,,**** *≈*
*,,...,,,..##**,,,,,,,*


You could see a worm and an adder.

Vanquished Creatures
  A gnoll (D:1)
  2 adders (D:3)
  2 dart slugs (D:1)
  An orc (D:3)
  3 bats (D:1)
  A giant cockroach (D:2)
  2 frilled lizards
  5 goblins
  4 kobolds (D:1)
  3 rats
24 creatures vanquished.

Notes
Turn   | Place    | Note
-------+----------+-------------------------------------------
     0 | D:1      | GandaPestile the Vampire Gladiator began the quest for the
                  | Orb.
     0 | D:1      | Reached XP level 1. HP: 16/16 MP: 1/1
    41 | D:1      | Reached skill level 1 in Stealth
    41 | D:1      | Reached XP level 2. HP: 9/22 MP: 2/2
   519 | D:2      | Reached XP level 3. HP: 23/27 MP: 3/3
  1019 | D:3      | HP: 1/27 [poisoned by an adder]
  1020 | D:3      | Slain by an adder

Levels and vault maps discovered:
D:1:      minmay_arrival_loop, layout_rooms
D:2:      layout_basic
D:3:      minmay_recursive_quarters, layout_loops_corners,
          lightli_sewer_entry_pipes, uniq_ijyb

Skill      XL: |  1  2 |
---------------+-------+-----
Stealth        | 1 2 |  2.9
Fighting       | 2 |  2.2
Short Blades   | |  3.6
Throwing       | |  1.9
Dodging        | |  3.6

Action                   || total
-------------------------++-------
Melee: Rapier            ||    69
       Bite              ||     4
  Use: Potion            ||     2
       Scroll            ||     4
 Stab: Sleeping          ||     5
Armor: Leather armour    ||    11
Dodge: Dodged            ||    53

Table legend:
 A = Non-vault XP
 B = Vault XP
 C = Vault XP percentage of total XP
 D = Non-vault monster count
 E = Vault monster count
 F = Vault count percentage of total count
                 A         B        C        D         E       F
            +---------+---------+-------+---------+---------+-------
      Total |      47 |      29 |  38.2 |      21 |       3 |  12.5
            +---------+---------+-------+---------+---------+-------
        D:1 |      38 |       0 |   0.0 |      15 |       0 |   0.0
        D:2 |       7 |       0 |   0.0 |       5 |       0 |   0.0
        D:3 |       2 |      29 |  93.5 |       1 |       3 |  75.0
            +---------+---------+-------+---------+---------+-------
